AoeStats
← Profucius9933

Lombardia

509765242Analyzed
4v4 RM · 4d ago on Sep 27, 2026· 54m 29s· 8 players
Game mode
Random Map
Map size
Large (8 player)
Population
200
Speed
Normal
Resources
Standard
Victory
Conquest
Starting age
Dark Age
Ending age
Imperial Age
RankedLock teamsTeams togetherTeam positionsShared explorationLock speedFull tech treeHidden civsTurbo modeCheats
Victory
Defeat
🇦🇷 Burmese · Argentina
929
+15
🇺🇾 Teutons · Uruguay
927
+15
🇧🇷 Portuguese · Brazil
904
+16
🇺🇸 Poles · United States
866
+18
🇺🇸 Khmer · United States
939
-17
🇺🇸 Goths · United States
913
-16
🇺🇸 Huns · United States
897
-16
🇺🇸 Persians · United States
877
-15
Nicole, Yes I'm the Queen
0:40 Loom
13:26 Feudal Age
16:00 Wheelbarrow
15:10 Town Watch
20:07 Castle Age
19:30 Stone Mining
19:22 Horse Collar
19:30 Double-Bit Axe
25:23 Gold Mining
34:34 Imperial Age
32:53 Heavy Plow
32:47 Gold Mining
33:29 Bow Saw
34:26 Hand Cart
34:15 Town Patrol
34:56 Bloodlines
34:46 Husbandry
35:03 Forging
34:58 Scale Barding Armor
34:44 Fletching
35:42 Marauders
36:03 Conscription
35:04 Elite Tarkan
36:25 Iron Casting
41:16 Blast Furnace
40:36 Chain Barding Armor
41:27 Blast Furnace
xxyvonnederful
9:39 Feudal Age
17:11 Castle Age
16:12 Scale Barding Armor
19:37 Wheelbarrow
19:07 Double-Bit Axe
22:11 Husbandry
23:15 Gold Mining
25:21 Bloodlines
26:06 Bow Saw
25:41 Horse Collar
28:41 Chain Barding Armor
29:38 Hand Cart
29:23 Stone Mining
31:10 Caravan
31:26 Fletching
31:47 Forging
33:05 Heavy Plow
34:18 Iron Casting
33:39 Bodkin Arrow
34:29 Gold Shaft Mining
34:34 Stone Shaft Mining
37:39 Imperial Age
34:55 Loom
34:55 Town Watch
37:59 Cavalier
39:43 Plate Barding Armor
40:09 Blast Furnace
40:37 Conscription
40:56 Hoardings
39:49 Savar
jkulik11
2:03 Loom
11:13 Feudal Age
11:50 Double-Bit Axe
11:46 Horse Collar
17:16 Wheelbarrow
19:01 Forging
18:53 Scale Mail Armor
21:10 Castle Age
21:51 Pikeman
24:44 Iron Casting
24:30 Chain Mail Armor
27:06 Bow Saw
27:12 Squires
32:10 Wheelbarrow
35:44 Imperial Age
34:07 Heavy Plow
36:04 Hand Cart
38:21 Blast Furnace
37:56 Conscription
38:38 Halberdier
39:53 Anarchy
Profucius9933
10:43 Feudal Age
11:13 Horse Collar
11:22 Double-Bit Axe
18:45 Castle Age
19:48 Loom
26:19 Pikeman
28:08 Forging
28:03 Scale Barding Armor
28:00 Scale Mail Armor
30:37 Bloodlines
30:28 Husbandry
34:38 Tusk Swords
39:48 Town Watch
40:39 Wheelbarrow
42:39 Imperial Age
42:59 Heavy Plow
43:14 Bow Saw
44:57 Hand Cart
44:43 Town Patrol
44:16 Elite Battle Elephant
46:45 Caravan
47:30 Heavy Scorpion
47:35 Light Cavalry
50:54 Iron Casting
50:24 Scale Barding Armor
50:11 Fletching
50:21 Padded Archer Armor
50:24 Hussar
Avalanche
8:01 Loom
10:23 Feudal Age
11:42 Horse Collar
11:48 Double-Bit Axe
19:23 Castle Age
20:50 Husbandry
21:01 Bloodlines
33:05 Imperial Age
31:24 Gold Mining
33:37 Bow Saw
34:16 Wheelbarrow
33:27 Town Watch
34:22 Sanctity
34:19 Fervor
34:27 Block Printing
34:47 Conscription
34:42 Stone Mining
34:59 Arson
34:35 Pikeman
35:34 Circumnavigation
36:35 Hand Cart
37:05 Scale Mail Armor
37:15 Forging
37:52 Gambesons
38:21 Circumnavigation
39:15 Halberdier
43:11 Caravan
44:41 Chain Mail Armor
45:02 Iron Casting
45:35 Chemistry
44:55 Ballistics
44:33 Murder Holes
44:19 Treadmill Crane
44:47 Siege Engineers
45:46 Theocracy
48:01 Arquebus
52:38 Plate Mail Armor
Niko0
12:19 Feudal Age
10:35 Loom
14:52 Horse Collar
18:40 Castle Age
17:54 Stone Mining
20:51 Forging
21:04 Scale Barding Armor
21:04 Husbandry
24:31 Bloodlines
27:21 Town Watch
28:45 Gold Mining
30:12 Gold Shaft Mining
30:56 Town Patrol
31:28 Squires
31:16 Arson
32:39 Wheelbarrow
32:11 Heavy Plow
34:23 Hand Cart
35:49 Iron Casting
35:35 Chain Barding Armor
35:20 Manipur Cavalry
40:10 Imperial Age
40:12 Elite Battle Elephant
41:55 Blast Furnace
41:31 Plate Barding Armor
41:00 Howdah
41:32 Conscription
41:32 Elite Arambai
45:17 Ballistics
45:57 Chemistry
52:48 Siege Engineers
52:54 Masonry
52:25 Treadmill Crane
52:41 Murder Holes
52:56 Clinker Construction
52:57 Fortified Wall
52:37 Guard Tower
52:38 Heated Shot
52:58 Careening
54:40 Architecture
Piringa
6:09 Loom
10:00 Feudal Age
11:31 Wheelbarrow
12:10 Stone Mining
12:11 Gold Mining
19:18 Double-Bit Axe
24:10 Castle Age
24:26 Man-at-Arms
24:52 Gambesons
25:51 Hand Cart
26:14 Coinage
26:20 Bow Saw
26:32 Caravan
28:04 Pikeman
28:44 Squires
29:54 Scale Mail Armor
30:06 Forging
29:47 Fletching
29:58 Padded Archer Armor
29:21 Crossbowman
36:32 Iron Casting
36:14 Chain Mail Armor
35:55 Bodkin Arrow
39:44 Imperial Age
42:26 Leather Archer Armor
43:12 Blast Furnace
43:42 Two-Man Saw
44:48 Chemistry
44:08 Ballistics
45:05 Guilds
46:15 Halberdier
47:38 Plate Mail Armor
49:31 Heavy Scorpion
52:06 Elite Teutonic Knight
53:27 Ring Archer Armor
whythelongfaceimahorse
11:34 Feudal Age
10:24 Loom
12:53 Wheelbarrow
12:06 Double-Bit Axe
12:42 Horse Collar
20:20 Castle Age
19:29 Scale Barding Armor
19:34 Forging
21:41 Bow Saw
22:00 Hand Cart
22:32 Light Cavalry
23:22 Bloodlines
23:12 Husbandry
23:06 Gold Mining
23:57 Chain Barding Armor
24:34 Hand Cart
25:04 Stone Mining
25:25 Heavy Plow
29:48 Iron Casting
32:49 Imperial Age
31:05 Caravan
31:31 Treadmill Crane
33:22 Fletching
33:33 Padded Archer Armor
35:02 Blast Furnace
34:33 Winged Hussar
34:35 Cavalier
35:43 Conscription
36:07 Crop Rotation
35:46 Bodkin Arrow
36:06 Leather Archer Armor
36:28 Crossbowman
38:06 Lechitic Legacy
38:22 Thumb Ring
39:51 Chemistry
39:12 Ballistics
40:28 Siege Engineers
41:01 Arbalester
42:59 Murder Holes
45:27 Bracer
51:57 Pikeman
52:51 Elite Obuch
54:10 Hoardings
Connection lost

Rejoining the realm…

Still unreachable

The connection could not be restored.

Session expired

The server has moved on; the page needs a fresh start.